 Dungeon Sprint DCSS version 0.17-a0-1497-g03599f7 (webtiles) character file.

4059 nuthulu the Thaumaturge (level 10, -5/50 HPs)
             Began as a Deep Elf Fire Elementalist on July 6, 2015.
             Was the Champion of Vehumet.
             Slain by a fire crab (shapeshifter) (15 damage)
             ... in the Dungeon (Sprint V: "Ziggurat Sprint").
             The game lasted 00:04:18 (853 turns).

nuthulu the Thaumaturge (Deep Elf Fire Elementalist) Turns: 853, Time: 00:04:18

Health: -5/50      AC:  2    Str:  6    XL:     10   Next: 4%
Magic:  22/30      EV: 21    Int: 35    God:    Vehumet [******]
Gold:   0          SH:  0    Dex: 15    Spells: 2 memorised, 31 levels left

rFire  . . .     SeeInvis .     t - +5 quick blade (freeze)
rCold  . . .     Clarity  .     a - +0 robe
rNeg   . . .     SustAt   .     (no shield)
rPois  .         Gourm    .     (no helmet)
rElec  .         Spirit   .     (no cloak)
rCorr  .         Warding  .     (no gloves)
rMut   .         NoTele   +     (no boots)
MR     +....                    (no amulet)
Stlth  +++++.....               A - +6 ring of intelligence
                                B - +6 ring of intelligence

@: studying Stealth, somewhat resistant to hostile enchantments, quite stealthy
A: no striking features
a: Renounce Religion


You were in the Dungeon.
You worshipped Vehumet.
Vehumet was exalted by your worship.
You were not hungry.

You visited 1 branch

Inventory:

Hand weapons
 t - a +5 quick blade of freezing (weapon)
Armour
 a - a +0 robe (worn)
Jewellery
 m - an uncursed ring of protection from magic
 y - a +6 ring of dexterity
 z - a +6 ring of dexterity
 A - a +6 ring of intelligence (right hand)
 B - a +6 ring of intelligence (left hand)
 C - a +6 ring of strength
 D - a +6 ring of strength
 J - a +6 ring of strength
Magical devices
 E - a wand of disintegration (7)
 F - a wand of fire (2)
 G - a wand of cold (0)
 H - a wand of draining (5)
Scrolls
 i - 3 scrolls of blinking
 j - 4 scrolls of amnesia
 k - 3 scrolls of recharging
 l - 7 scrolls of fog
 n - 5 scrolls of identify
 o - 5 scrolls of remove curse
 p - 2 scrolls of fear
 I - 4 scrolls of enchant weapon
Potions
 d - 8 potions of curing
 e - 7 potions of heal wounds
 f - 5 potions of haste
 g - 7 potions of magic
 h - 3 potions of berserk rage
 q - 2 potions of brilliance
 r - 2 potions of invisibility
 s - 4 potions of resistance
 u - 5 potions of agility
 v - 5 potions of might
Books
 b - a book of Flames

   Spells                             Type                      Level
   a - Flame Tongue                   Conjuration/Fire             1
   b - Throw Flame                    Conjuration/Fire             2
   c - Conjure Flame                  Conjuration/Fire             3
   d - Inner Flame                    Hexes/Fire                   3
   e - Sticky Flame                   Conjuration/Fire             4
   f - Fireball                       Conjuration/Fire             5
 K - a manual of Stealth
Comestibles
 c - 5 bread rations
 w - 42 fruits
 x - 4 meat rations


   Skills:
 + Level 13.3 Dodging
 + Level 12.9 Stealth
 + Level 14.4 Spellcasting
 + Level 12.2 Conjurations
 + Level 12.6 Fire Magic


You had 31 spell levels left.
You knew the following spells:

 Your Spells              Type           Power        Failure   Level  Hunger
a - Flame Tongue          Conj/Fire      #####        0%          1    None
b - Fireball              Conj/Fire      #######...   1%          5    None


Dungeon Overview and Level Annotations

Branches:
Dungeon (1/1)

Altars:
Ashenzari
Cheibriados
Dithmenos
Elyvilon
Fedhas
Gozag
Kikubaaqudgha
Makhleb
Nemelex Xobeh
Okawaru
Qazlal
Ru
Sif Muna
Trog
Vehumet
Xom
Yredelemnul
Zin
The Shining One
Beogh
Jiyva
Lugonu


Message History

You feel much better.
You are engulfed in roaring flames.
The hell rat disappears in a puff of smoke!
The redback is engulfed in roaring flames.
The fire crab barely misses you. The fire crab completely misses you.
The redback is engulfed in roaring flames.
The redback completely misses you.
Casting: Fireball
Confirm with . or Enter, or press ? or * to list all spells.
Aiming: Flame Tongue
Press: ? - help, Shift-Dir - straight line, f - deep elf summoner, p - fire crab
Aim: a deep elf summoner, wielding a long sword (heavily wounded)
The flame tongue hits the fire crab.
The fire crab completely resists.
The fire crab is lightly wounded.
The redback bites you.
* * * LOW HITPOINT WARNING * * *
The redback completely misses you. The fire crab misses you.
The fire crab claws you.
* * * LOW HITPOINT WARNING * * *
You are engulfed in flames!
You die...

▓..8©8..▓
▓..)))""..▓..)})..▓
▓...)):...▓..)))..▓
▓..)))....▓....)..▓
▓.....)...▓...)...▓
▓....s....▓.......▓
▓...rse...▓.......▓
▓...sts...▓.......▓
▓....@....▓.......▓
▓▓▓▓▓▓▓▓▓▓▓▓▓▓▓▓▓▓▓


You could see a fire crab, a deep elf summoner, a jumping spider, 3 redbacks and
a hell rat.

Vanquished Creatures
  A deep elf summoner (D)
  A deep elf conjurer (D)
  2 draconians (D)
  A two-headed ogre (D)
  2 deep elf priests (D)
  2 deep elf magi (D)
  A ynoxinul (D)
  4 steam dragons (D)
  A chaos spawn (D)
  An orc warrior (D)
  2 ogres (D)
  A swamp drake (D)
  2 crimson imps (D)
  3 orc wizards (D)
  2 orc priests (D)
  A shadow imp (D)
  2 white imps (D)
  2 adder zombies (D)
  6 orcs (D)
  A bat zombie (D)
  A giant cockroach zombie (D)
39 creatures vanquished.

Notes
Turn   | Place    | Note
--------------------------------------------------------------
     0 | D        | nuthulu the Deep Elf Fire Elementalist began the quest for the Orb.
     0 | D        | Reached XP level 1. HP: 10/10 MP: 6/6
     0 | D        | Found an iron altar of Okawaru.
     0 | D        | Found a burning altar of Makhleb.
     0 | D        | Found a radiant altar of Vehumet.
     0 | D        | Found a deep blue altar of Sif Muna.
     0 | D        | Found a shimmering altar of Xom.
     2 | D        | Found a corrupted altar of Lugonu.
     2 | D        | Found a roughly hewn altar of Beogh.
     2 | D        | Found a white marble altar of Elyvilon.
     2 | D        | Found a viscous altar of Jiyva.
     2 | D        | Found a sparkling altar of Nemelex Xobeh.
     2 | D        | Found a bloodstained altar of Trog.
    19 | D        | Reached skill level 5 in Dodging
    19 | D        | Reached skill level 5 in Spellcasting
    19 | D        | Reached skill level 5 in Fire Magic
    19 | D        | Reached XP level 2. HP: 15/15 MP: 6/10
    62 | D        | Became a worshipper of Vehumet
    70 | D        | Entered arena 1.
    70 | D        | Noticed an orc wizard
    83 | D        | Killed an orc wizard
    83 | D        | Reached skill level 6 in Spellcasting
    83 | D        | Reached XP level 3. HP: 11/19 MP: 9/12
   217 | D        | Entered arena 2.
   217 | D        | Noticed a two-headed ogre
   217 | D        | Noticed an ogre
   217 | D        | Noticed an ogre
   220 | D        | Killed a two-headed ogre
   220 | D        | Acquired Vehumet's first power
   220 | D        | Offered knowledge of Freeze by Vehumet.
   220 | D        | Reached skill level 8 in Dodging
   220 | D        | Reached skill level 9 in Spellcasting
   220 | D        | Reached XP level 4. HP: 24/24 MP: 13/17
   220 | D        | Reached XP level 5. HP: 28/28 MP: 13/18
   221 | D        | Killed an ogre
   221 | D        | Reached XP level 6. HP: 32/32 MP: 13/20
   228 | D        | Killed an ogre
   228 | D        | Reached skill level 10 in Spellcasting
   235 | D        | Learned a level 5 spell: Fireball
   406 | D        | Entered arena 3.
   406 | D        | Noticed an orc priest
   408 | D        | Killed an orc priest
   408 | D        | Offered knowledge of Sandblast by Vehumet.
   473 | D        | Entered arena 4.
   474 | D        | Acquired Vehumet's second power
   504 | D        | Entered arena 5.
   504 | D        | Noticed a steam dragon
   504 | D        | Noticed a steam dragon
   504 | D        | Noticed a swamp drake
   504 | D        | Noticed a steam dragon
   504 | D        | Noticed a steam dragon
   505 | D        | Killed a steam dragon
   505 | D        | Reached XP level 7. HP: 36/36 MP: 12/23
   506 | D        | Killed a steam dragon
   506 | D        | Acquired Vehumet's third power
   506 | D        | Reached skill level 10 in Dodging
   506 | D        | Reached skill level 11 in Spellcasting
   508 | D        | Killed a steam dragon
   508 | D        | Reached skill level 10 in Fire Magic
   508 | D        | Killed a steam dragon
   508 | D        | Killed a swamp drake
   508 | D        | Reached XP level 8. HP: 41/41 MP: 2/25
   628 | D        | Entered arena 6.
   628 | D        | Noticed a draconian
   628 | D        | Noticed a draconian
   628 | D        | Noticed a draconian
   628 | D        | Noticed a green draconian
   628 | D        | Noticed a mottled draconian
   628 | D        | Noticed a purple draconian
   631 | D        | Killed a draconian
   631 | D        | Offered knowledge of Stone Arrow by Vehumet.
   631 | D        | Reached skill level 5 in Stealth
   631 | D        | Reached skill level 12 in Spellcasting
   631 | D        | Reached skill level 10 in Conjurations
   631 | D        | Killed a draconian
   639 | D        | Entered arena 7.
   639 | D        | Noticed an orc wizard
   639 | D        | Noticed an orc priest
   639 | D        | Noticed an orc wizard
   639 | D        | Noticed an orc warrior
   640 | D        | Killed an orc wizard
   640 | D        | Killed an orc priest
   640 | D        | Killed an orc wizard
   642 | D        | Killed an orc warrior
   642 | D        | Reached XP level 9. HP: 20/45 MP: 9/27
   808 | D        | Entered arena 8.
   808 | D        | Noticed a chaos spawn
   808 | D        | Noticed a crimson imp
   808 | D        | Noticed a ynoxinul
   808 | D        | Noticed a crimson imp
   809 | D        | Killed a crimson imp
   809 | D        | Offered knowledge of Fulminant Prism by Vehumet.
   809 | D        | Reached skill level 13 in Spellcasting
   809 | D        | Killed a crimson imp
   810 | D        | Killed a ynoxinul
   811 | D        | Killed a chaos spawn
   845 | D        | Entered arena 9.
   845 | D        | Noticed a deep elf conjurer
   845 | D        | Noticed a deep elf mage
   845 | D        | Noticed a deep elf mage
   845 | D        | Noticed a deep elf priest
   845 | D        | Noticed a deep elf summoner
   845 | D        | Noticed a deep elf priest
   845 | D        | Noticed a fire crab
   845 | D        | Noticed a deep elf summoner
   846 | D        | Killed a deep elf mage
   846 | D        | Reached skill level 10 in Stealth
   846 | D        | Killed a deep elf mage
   848 | D        | Killed a deep elf summoner
   849 | D        | Killed a deep elf priest
   849 | D        | Reached skill level 14 in Spellcasting
   849 | D        | Killed a deep elf conjurer
   849 | D        | Killed a deep elf priest
   849 | D        | Reached XP level 10. HP: 50/50 MP: 22/30
   853 | D        | Slain by a fire crab (shapeshifter)

Vault maps used:
D:        sprint_v

Action                   |  1- 3 |  4- 6 |  7- 9 | 10-12 || total
-------------------------+-------+-------+-------+-------++-------
Melee: Quick blade       |    10 |       |       |       ||    10
 Cast: Flame Tongue      |     1 |     4 |       |     1 ||     6
       Fireball          |       |     4 |    15 |     1 ||    20
Evoke: Wand              |     4 |     2 |       |     2 ||     8
  Use: Potion            |     1 |     3 |     2 |     1 ||     7
       Scroll            |       |       |     3 |       ||     3
